federica, lawful female dwarven Valkyrie --- |<..-- ------- --------------- |.....- |.....| |d@p..........| -..|... |.- |.(_..| -+---+--.----|| -.|-.....---- |.....| --.|.-..| .........| ---|--- --- -..--|..| --.|....| |.| --+-. - --........--|| --- -..| |.| -...... ..............| ------ ..|. --.- ....... --------+--..-- |!%.%| -.%.. .--- .....--- ...{... |..-- |....| |........| ..........--- -...... |...| ---|-- ----....-------...---......-- -----....-- ------...| --- --.---.. |...-|..|..|-...| .---...| -..|...|....|------ |.......- |..--.........|..--|. ..| -.... -....|........-- ...-|.(?(| |.------ |..-...............-|---|-----..--..........--... ...-.(((| |.|...| ----.....{....----...............|...`...... --. ...-|.(((| |.|... .............-- -|--.---------..%......-- ....|------ |.--|------- -----.........| |...|.|.(((| --.......-- |.... --------.....|....| --..------- |...|.-.(((| ---...--- |...--......|...{..-..-|| --- ------|.(((| --- --.....----........|..|(| ------ ------ --------------- federica the Fighter Experience level: 6 Strength: 18 Dexterity: 17 Constitution: 15 Intelligence: 9 Wisdom: 7 Charisma: 9 Health: 0(61) Energy: 3(3) AC: 4 Gold: 81 Moves: 1383 Your Inventory: Coins $ - 81 gold pieces Weapons a - an uncursed +1 long sword (weapon in hand) b - an uncursed +0 dagger (in quiver) m - an [uncursed +0] elven dagger Armor c - an uncursed +3 small shield (being worn) r - an uncursed +0 leather armor (being worn) Comestibles d - 3 uncursed food rations t - an [uncursed] tin [of water nymph meat] Scrolls h - an uncursed scroll labeled NR 9 [of teleportation] i - an uncursed scroll labeled HAPAX LEGOMENON [of enchant weapon] Potions x - an [uncursed] clear potion [of water] Wands l - a [cursed] wand of slow monster [0:5] Tools k - an [uncursed] key [skeleton key] n - an [uncursed] drum [(of earthquake) (0:5)] q - an uncursed bag of tricks [0:18] u - an [uncursed +0] unicorn horn Spells known in the end: Name Level Category Fail Memory Your skills at the end: Fighting Skills Weapon Skills dagger [Basic / Expert] long sword [Basic / Expert] Spellcasting Skills Final Attributes: You were devoutly aligned. Hunger level was 1065. Your alignment was 15 / 16. Monster difficulty range was 1 - 6. Level difficulty was 6. You were immune to cold. You resisted poison. You had infravision. You were stealthy. Your luck was zero. You are dead. Vanquished creatures: a dog a gray unicorn a dust vortex an enormous rat a rock mole a shrieker a kobold mummy a straw golem 2 giant ants a floating eye a kobold lord a giant bat 2 orc zombies a hobbit a large kobold a yellow mold a gnome zombie 2 geckos a jackal a kobold 2 goblins a sewer rat a lichen 4 newts 31 creatures vanquished. Voluntary challenges: You used a wielded weapon 48 times. You read items or engraved 1 time. You put on armor 2 times. You never genocided any monsters. You never polymorphed an object. You never changed form. You used no wishes. You wrote Elbereth's name 1 time. You never encountered a bones level. You never used any Sokoban shortcuts. Dungeon overview: The Dungeons of Doom: levels 1 to 2 Level 1 some fountains a long staircase Level 2 a fountain stairs to The Gnomish Mines The Gnomish Mines: levels 3 to 6 Level 3 stairs to The Dungeons of Doom Level 6 <- You were here some shops, a temple, a magic chest, some fountains History has recorded: On T:1 you entered the Dungeons of Doom to retrieve the Amulet of Yendor! On T:205 you reached level 2 of The Dungeons of Doom. On T:217 you advanced to experience level 2. On T:463 you reached level 1 of The Gnomish Mines. On T:470 you advanced to experience level 3. On T:539 you reached level 2 of The Gnomish Mines. On T:559 you advanced to experience level 4. On T:663 you advanced to experience level 5. On T:866 you reached level 3 of The Gnomish Mines. On T:918 you advanced to experience level 6. On T:1002 you reached level 4 of The Gnomish Mines. Latest messages: [HP+1=14] You finish eating the gray unicorn corpse. You feel healthy. [24 turns] y - a unicorn horn. Moving: u - a unicorn horn. This door is locked. [HP+1=15] You succeed in unlocking the door. [2 turns] The door opens. This door is locked. You succeed in unlocking the door. [HP+1=16] The door opens. [HP+1=17] [HP+1=18] A rock piercer suddenly drops from the ceiling! You are hit by a falling rock piercer! The wolf bites! You die... Final status: Farvel federica the Valkyrie... You died in The Gnomish Mines on dungeon level 6 with 2277 points, and 81 pieces of gold, after 1383 moves. You were level 6 with a maximum of 61 hit points when you died.